 Dungeon Crawl Stone Soup version 0.29-a0-369-gd956c00756 (webtiles) character file.

Game seed: 7290292590391178319

49 Antichthon the Covered (level 3, -4/24 HPs)
             Began as a Gargoyle Fighter on May 2, 2022.
             Slain by a gnoll
             ... wielding a +0 whip
              (7 damage)
             ... on level 2 of the Dungeon.
             The game lasted 00:02:12 (1583 turns).

Antichthon the Covered (Gargoyle Fighter)           Turns: 1583, Time: 00:02:13

Health: -4/24      AC: 11    Str: 19    XL:     3   Next: 77%
Magic:  3/3        EV:  9    Int: 10    God:
Gold:   76         SH:  4    Dex:  9    Spells: 2/2 levels left

rFire   . . .      SeeInvis .   a - +0 flail
rCold   . . .      Faith    .   c - +0 buckler
rNeg    + . .      Spirit   .   b - +0 scale mail
rPois   ∞          Reflect  .   g - +0 helmet
rElec   +          Harm     .   (no cloak)
rCorr   .          Rampage  .   (no gloves)
Will    .....                   (no boots)
Stlth   ..........              (no amulet)
HPRegen 0.08/turn               (no ring)
MPRegen 0.08/turn               (no ring)

@: no status effects
A: sickness immunity, AC +3, negative energy resistance 1, electricity
resistance, torment resistance 1, petrification resistance
a: no special abilities


You were on level 2 of the Dungeon.
You visited 1 branch of the dungeon, and saw 2 of its levels.

You collected 76 gold pieces.

Inventory:

Hand Weapons
 a - a +0 flail (weapon)
Armour
 b - a +0 scale mail (worn)
 c - a +0 buckler (worn)
 g - a +0 helmet (worn)
Potions
 d - a potion of might
 e - a potion of ambrosia
 h - a potion of brilliance
 i - a potion of invisibility {unknown}
 k - a potion of flight {unknown}


   Skills:
 * Level 3.6 Fighting
 * Level 2.5 Maces & Flails
 * Level 3.9 Armour
 * Level 0.3 Dodging
 * Level 3.4 Shields
 * Level 1.0 Invocations


You had 2 spell levels left.
You didn't know any spells.
Your spell library contained the following spells:

 Spells                   Type           Power      Damage    Failure   Level
 Inner Flame              Hex/Fire       0%         N/A       99%         3
 Cause Fear               Hex            0%         N/A       100%        4
 Discord                  Hex            0%         N/A       100%        8


Dungeon Overview and Level Annotations

Branches:
Dungeon (2/15)

Altars:


Innate Abilities, Weirdness & Mutations

You are immune to sickness and miasma.
Your stone body is resilient. (AC +3)
You are immune to poison.
You resist negative energy. (rN+)
You are resistant to electric shocks. (rElec)
You are resistant to unholy torment.
You are immune to petrification.


Message History

You sock the gnoll!
The gnoll is almost dead.
The gnoll hits you from afar with a +0 spear.
The gnoll hits you with a +0 halberd!
You hit the gnoll.
The gnoll is almost dead.
The gnoll hits you from afar with a +0 spear.
The gnoll hits you with a +0 halberd. You block the gnoll's attack.
The gnoll hits you but does no damage.
You barely miss the gnoll.
The gnoll is almost dead.
You block the gnoll's attack. The gnoll hits you with a +0 halberd!
* * * LOW HITPOINT WARNING * * *
You hit the gnoll.
You kill the gnoll!
The gnoll hits you but does no damage.
Unknown command.
You feel better. You block the gnoll's attack.
The gnoll hits you with a +0 spear.
Things that are here:
a +0 halberd; a gnoll corpse You thump the gnoll!
The gnoll is severely wounded.
The gnoll hits you with a +0 spear!
* * * LOW HITPOINT WARNING * * *
The gnoll barely misses you.
You feel better. The gnoll hits you with a +0 spear.
You barely miss the gnoll.
The gnoll is severely wounded.
The gnoll closely misses you.
You barely miss the gnoll.
The gnoll is severely wounded.
The gnoll hits you with a +0 spear.
* * * LOW HITPOINT WARNING * * *
You feel better. The gnoll hits you with a +0 spear.
* * * LOW HITPOINT WARNING * * *
You sock the gnoll!
You kill the gnoll!
The gnoll hits you with a +0 whip!
You die...

............#
..........#.#
#.#
..........#.##
#.#
..........#[.#
#.#
....########.#
#.# #####
#.###.#
#..##.#
#...#g#
#(..#@#
#...#.#
#.....#
####..# #..#
#.>.. ######


You could see a gnoll.

Vanquished Creatures
  2 gnolls (D:2)
  11 ball pythons
  2 endoplasms
  2 goblins
  6 hobgoblins
  3 quokkas
  2 bats (D:1)
  2 frilled lizards (D:1)
  6 kobolds
  5 rats
41 creatures vanquished.

Notes
Turn   | Place    | Note
-------+----------+-------------------------------------------
     0 | D:1      | Antichthon the Gargoyle Fighter began the quest for the
                  | Orb.
     0 | D:1      | Reached XP level 1. HP: 14/14 MP: 1/1
   400 | D:1      | Reached XP level 2. HP: 19/19 MP: 2/2
   925 | D:1      | Reached skill level 1 in Invocations
   965 | D:1      | Reached XP level 3. HP: 24/24 MP: 3/3
  1583 | D:2      | Slain by a gnoll

Illustrated notes

Levels and vault maps discovered:
D:1:      dpeg_arrival_yet_another_circle, layout_loops_ring,
          minmay_misc_feat_diagonals
D:2:      layout_basic

Skill      XL: |  1  2 |
---------------+-------+-----
Invocations    | 1 |  1.0
Fighting       | |  3.6
Maces & Flails | |  2.5
Armour         | |  3.9
Dodging        | |  0.3
Shields        | |  3.4

Action                   || total
-------------------------++-------
Melee: Flail             ||   110
  Use: Scroll            ||     7
       Potion            ||     3
Armor: Scale mail        ||    65
Dodge: Dodged            ||    67
Block: Buckler           ||    27

Table legend: (Time is in decaauts)
 A = Elapsed time spent in this place.
 B = Non-inter-level travel time spent in this place.
 C = Inter-level travel time spent in this place.
 D = Time resting spent in this place.
 E = Time spent auto-exploring this place.
 F = Levels seen in this place.
 G = Mean time per level.
                   A        B        C        D        E       F      G
               +--------+--------+--------+--------+--------+-----+--------+
         Total |   1619 |   1588 |     31 |      0 |   1231 |   2 |  809.5 |
       Dungeon |   1619 |   1588 |     31 |      0 |   1231 |   2 |  809.5 |
               +--------+--------+--------+--------+--------+-----+--------+

Top non-repeatable levels by time:
     D:1: 1305 daAuts
     D:2: 314 daAuts
